 Dungeon Crawl Stone Soup version 0.21.1-1-g345015f (webtiles) character file.

52 Fang the Skirmisher (level 3, 0/36 HPs)
             Began as a Gargoyle Berserker on May 21, 2018.
             Was a Believer of Trog.
             Slain by a giant cockroach (2 damage)
             ... on level 2 of the Dungeon.
             The game lasted 00:01:47 (1169 turns).

Fang the Skirmisher (Gargoyle Berserker)            Turns: 1169, Time: 00:01:48

Health: 0/36       AC:  5    Str: 26    XL:     3   Next: 85%
Magic:  3/3        EV: 12    Int:  7    God:    Trog [**....]
Gold:   97         SH:  0    Dex:  9    Spells: 2/2 levels left

rFire    . . .     SeeInvis .   a - +0 hand axe
rCold    . . .     Gourm    .   (no shield)
rNeg     + . .     Faith    .   b - +0 animal skin
rPois    ∞         Spirit   .   (no helmet)
rElec    +         Reflect  .   k - scarf {cloud immunity}
rCorr    .         Harm     .   (no gloves)
MR       .....                  (no boots)
Stlth    ..........             (no amulet)
HPRegen  0.12/turn              (no ring)
MPRegen  0.08/turn              (no ring)

@: berserking, very quick
A: negative energy resistance 1, electricity resistance, unbreathing,
petrification resistance, rot immunity, AC +3
a: Berserk, Trog's Hand, Burn Spellbooks, Renounce Religion


You were on level 2 of the Dungeon.
You worshipped Trog.
Trog was pleased with you.
You were hungry.

You visited 1 branch of the dungeon, and saw 2 of its levels.

You collected 97 gold pieces.

Inventory:

Hand Weapons
 a - a +0 hand axe (weapon)
Armour
 b - a +0 animal skin (worn)
 k - a scarf of cloud immunity (worn)
Wands
 g - a wand of flame (14)
Scrolls
 e - a scroll of teleportation {unknown}
 f - a scroll of fear {unknown}
 j - a scroll of fog {unknown}
Potions
 d - a potion of haste {unknown}
 h - a potion of curing {unknown}
 i - a potion of lignification {unknown}
Comestibles
 c - 4 rations


   Skills:
 + Level 4.0 Fighting
 + Level 3.4 Axes
 + Level 2.3 Armour
 + Level 2.0 Dodging
 + Level 0.1 Stealth


You had 2 spell levels left.
You didn't know any spells.

Dungeon Overview and Level Annotations

Branches:
Dungeon (2/15)

Altars:
Cheibriados
Makhleb
Wu Jian


Innate Abilities, Weirdness & Mutations

You are resistant to torment.
Your stone body is resilient. (AC +3)
You are immune to poison.
You resist negative energy. (rN+)
You are resistant to electric shocks. (rElec)
You can survive without breathing.
You are immune to petrification.
You are immune to rotting.


Message History

The giant cockroach barely misses you.
You hit the giant cockroach but do no damage.
You hit the worm.
The giant cockroach bites you but does no damage.
The worm bites you.
* * * LOW HITPOINT WARNING * * *
Unknown command.
The giant cockroach closely misses you.
Found a stone staircase leading up.
Unknown command.
You hit the worm.
The worm is severely wounded.
You closely miss the giant cockroach.
The giant cockroach bites you but does no damage.
Unknown command.
You barely miss the worm.
The worm is severely wounded.
You hit the giant cockroach. The worm barely misses you.
The giant cockroach bites you.
You die...

<[....# ###
.....##.. .....#..
......##
#...#..#..
#........ #.ww.# .
#.@[.#
...####s...#
._.........#
.....#.....#####(#
#... #...........#
#.. #.....#####..
#.####....)# #.#
##......##### #.#
# #.......# #.#


You could see 2 worms and a giant cockroach.

Vanquished Creatures
  2 adders (D:2)
  2 worms (D:2)
  2 dart slugs (D:2)
  2 hobgoblins (D:2)
  A quokka (D:2)
  3 bats
  2 frilled lizards
  5 goblins
  3 kobolds (D:2)
  6 rats
28 creatures vanquished.

Notes
Turn   | Place    | Note
-------+----------+-------------------------------------------
     0 | D:1      | Fang the Gargoyle Berserker began the quest for the Orb.
     0 | D:1      | Reached XP level 1. HP: 14/14 MP: 1/1
   359 | D:1      | Reached XP level 2. HP: 19/19 MP: 2/2
   656 | D:2      | Found a burning altar of Makhleb.
   666 | D:2      | Reached XP level 3. HP: 24/24 MP: 3/3
   710 | D:2      | Reached ** piety under Trog
   744 | D:2      | Found a snail-covered altar of Cheibriados.
  1138 | D:2      | Reached skill level 4 in Fighting
  1160 | D:2      | Found an ornate altar of the Wu Jian Council.
  1169 | D:2      | Slain by a giant cockroach

Skill      XL: |  1  2  3 |
---------------+----------+-----
Axes           | 3 |  3.4
Dodging        | 2 |  2.0
Fighting       | 4 |  4.0
Armour         | |  2.3
Stealth        | |  0.1

Action                   || total
-------------------------++-------
Melee: Hand axe          ||    95
Invok: Berserk           ||     2
  Eat: Chunk             ||     2
Armor: Animal skin       ||    48
Dodge: Dodged            ||    65
